 Dungeon Crawl Stone Soup version 0.32-a0-961-gd60f5e5fc7 (webtiles) character file.

Game seed: 8315577995869328544

1794589 ragingrage the Annihilator (level 27, 220/220 HPs)
             Began as a Djinni Delver on Apr 17, 2024.
             Was a Priest of Ashenzari.
             Escaped with the Orb
             ... and 3 runes!
             The game lasted 01:44:51 (61514 turns).

ragingrage the Annihilator (Djinni Delver)         Turns: 61514, Time: 01:44:52

Health: 220/220    AC: 26    Str: 11    XL:     27
Gold:   4885       EV: 35    Int: 25    God:    Ashenzari [***...] SH: 26 Dex: 24

rFire   + + +        F - staff of Ashenzari's Seeker (curse) {rElec rN+ Air Alchemy, Cun, Elem} (curse)
rCold   + + .        b - +2 tower shield
rNeg    + . .        r - +5 robe of Misfortune {Harm *Corrode *Slow EV+5}
rPois   ∞            A - +1 helmet "Tethered With Me" {Elem, Dev} (curse)
rElec   +            y - +3 cloak "Tethered Together" {rPois rC+ Dex+4, Dev, Cun} (curse)
rCorr   .            D - +1 pair of gloves of Apeoromancy {rF+ Int+4 Stlth+, Sorc, Self} (curse)
SInv    +            (boots unavailable)
Will    +++..        l - amulet of Ashenzari's Soothsayer {Regen+, Cun, Elem} (curse)
Stlth   ++           z - ring "Itotye" {rC++ Will+}
HPRegen 1.36/turn    X - ring of the Tortoise {AC+8}

%: corrode self (3%), slow self (1%), harm (+30% outgoing, +20% incoming),
clarity
@: flying, studying Conjurations
A: sickness immunity, fire resistance 2, cold vulnerability 1, float, innate
caster, HP casting, extra vitality 1, clarity, deformed body
0: Orb of Zot
}: 3/15 runes: serpentine, barnacled, silver
a: Renounce Religion, Shatter the Chains


You escaped.
You worshipped Ashenzari.
Ashenzari was most pleased with you.
You visited 10 branches of the dungeon, and saw 48 of its levels.
You visited the Abyss 1 time.
You visited 1 bazaar.
You visited 1 ziggurat, and saw 7 of its levels.
You also visited: Trove, Bailey, Ice Cave and Volcano.

You collected 14337 gold pieces.
You spent 9452 gold pieces at shops.

Inventory:

Hand Weapons
 a - the +11 Singing Sword {sonic wave}
   (You bought it in a shop in a bazaar)
 L - the +7 great mace "Undeadhunter" {deathbane, rN+}
   (You found it on level 5 of a ziggurat)

   rN+:       It protects you from negative energy.
Missiles
 P - 15 curare-tipped darts
 W - 18 throwing nets
Armour
 b - a +2 tower shield (worn)
 r - the +5 robe of Misfortune (worn) {Harm *Corrode *Slow EV+5}
   (You found it on level 3 of the Dungeon)

   EV+5:      It affects your evasion (+5).
   *Corrode:  It may corrode you when you take damage.
   *Slow:     It may slow you when you take damage.
   Harm:      It increases damage dealt and taken.
 y - the cursed +3 cloak "Tethered Together" (worn) {rPois rC+ Dex+4, Dev, Cun}
   (You acquired it on level 1 of the Shoals)

   Dex+4:     It affects your dexterity (+4).
   rC+:       It protects you from cold.
   rPois:     It protects you from poison.
   It has a curse which improves the following skills: Devices: Evocations and
   Shapeshifting.
   Cunning:   Dodging and Stealth.
 A - the cursed +1 helmet "Tethered With Me" (worn) {Elem, Dev}
   (You found it on level 5 of the Dungeon)

   It has a curse which improves the following skills: Elements: Fire Magic, Ice
   Magic, Air Magic and Earth Magic.
   Devices:   Evocations and Shapeshifting.
 D - the cursed +1 pair of gloves of Apeoromancy (worn) {rF+ Int+4 Stlth+, Sorc, Self}
   (You found it in a treasure trove)

   Int+4:     It affects your intelligence (+4).
   rF+:       It protects you from fire.
   Stlth+:    It makes you more stealthy.
   It has a curse which improves the following skills: Sorcery: Conjurations and
   Alchemy.
   Introspection: Fighting and Spellcasting.
 I - the +0 leather armour of Integrity {Will+}
   (You found it on level 4 of a ziggurat)

   Will+:     It increases your willpower.
Magical Staves
 F - the cursed staff of Ashenzari's Seeker (weapon) {rElec rN+ Air Alchemy, Cun, Elem}
   (You found it on level 1 of the Vaults)

   [staff of air]

   Base accuracy: +5 Base damage: 5 Base attack delay: 1.2 This weapon's minimum
   attack delay (0.6) is reached at skill level 12.
   rElec:     It insulates you from electricity.
   rN+:       It protects you from negative energy.
   Air:       It increases the power of your Air spells.
   Alchemy:   It increases the power of your Alchemy spells.
   It falls into the 'Staves' category.
   It is a one-handed weapon.
   It has a curse which improves the following skills: Cunning: Dodging and
   Stealth.
   Elements:  Fire Magic, Ice Magic, Air Magic and Earth Magic.
Jewellery
 l - the cursed amulet of Ashenzari's Soothsayer (around neck) {Regen+, Cun, Elem}
   (You found it on level 2 of the Lair of Beasts)

   [amulet of regeneration]

   Regen+:    It increases your rate of health regeneration.
   It has a curse which improves the following skills: Cunning: Dodging and
   Stealth.
   Elements:  Fire Magic, Ice Magic, Air Magic and Earth Magic.
 z - the ring "Itotye" (left hand) {rC++ Will+}
   (You acquired it on level 2 of the Depths)

   [ring of willpower]

   rC++:      It greatly protects you from cold.
   Will+:     It increases your willpower.
 N - the ring of Ynigh {Fly rElec AC+4 Int+2}
   (You found it on level 6 of a ziggurat)

   [ring of protection]

   AC+4:      It affects your AC (+4).
   Int+2:     It affects your intelligence (+2).
   rElec:     It insulates you from electricity.
   Fly:       It grants you flight.
 X - the ring of the Tortoise (right hand) {AC+8}
   (You took it off a deep elf demonologist on level 3 of the Elven Halls)

   [ring of protection]

   AC+8:      It affects your AC (+8).
Wands
 g - a wand of digging (25)
 k - a wand of roots (74)
 B - a wand of mindburst (35)
 C - a wand of charming (34)
 K - a wand of acid (11)
Scrolls
 c - 8 scrolls of revelation
 o - 25 scrolls of teleportation
 p - 12 scrolls of blinking
 t - 11 scrolls of fog
 G - a scroll of summoning
 H - 5 scrolls of silence
 J - 4 scrolls of enchant armour
 R - 7 scrolls of fear
 S - 11 scrolls of immolation
 T - 6 scrolls of noise
 U - 9 scrolls of poison
 Z - 7 scrolls of vulnerability
Potions
 d - 4 potions of cancellation
 e - 3 potions of mutation
 f - 10 potions of haste
 i - 10 potions of brilliance
 j - 3 potions of berserk rage
 m - 17 potions of heal wounds
 n - 4 potions of ambrosia
 q - 12 potions of lignification
 s - 5 potions of invisibility
 v - 11 potions of attraction
 w - 28 potions of curing
 x - 12 potions of might
 E - 3 potions of resistance
 O - 4 potions of enlightenment
Miscellaneous
 h - a sack of spiders (inert)
 u - a lightning rod (4/4)
 M - a phantom mirror


   Skills:
 + Level 23.3(24.5) Fighting
 - Level 5.0 Short Blades
 - Level 4.8(8.3) Maces & Flails
 - Level 11.4(12.0) Staves
 - Level 18.5 Armour
 + Level 19.2(21.9) Dodging
 - Level 4.6(7.4) Stealth
 + Level 20.3 Shields
 - Level 23.9(25.1) Spellcasting
 O Level 27 Conjurations
 - Level 23.9 Hexes
 - Level 23.9 Summonings
 - Level 23.9 Necromancy
 - Level 23.9 Translocations
 - Level 23.9(26.4) Fire Magic
 - Level 23.9(26.4) Ice Magic
 - Level 23.9(26.4) Air Magic
 - Level 23.9(26.4) Earth Magic
 - Level 23.9(25.1) Alchemy
 - Level 15.3(17.4) Evocations


You knew the following spells:

 Your Spells              Type           Power      Damage    Failure   Level
a - Plasma Beam           Fire/Air       64%        2x1d80    0%          6
b - Necrotise             Necr           100%       1d9       0%          1
c - Maxwell's Portable P  Tloc           100%       2d(15-43) 0%          3
d - Summon Ice Beast      Ice/Summ       100%       N/A       0%          3
e - Yara's Violent Unrav  Hex/Alch       62%        3d23      0%          5
f - Scorch                Fire           100%       2d9       0%          2
g - Summon Forest         Summ/Tloc      50%        N/A       0%          5
h - Death Channel         Necr           50%        N/A       1%          6
i - Orb of Destruction    Conj           52%        9d13      1%          7
j - Fulsome Fusillade     Conj/Alch      63%        (3-5)d18  1%          8
k - Disjunction           Tloc           50%        N/A       1%          8
l - Fire Storm            Conj/Fire      52%        8d13      4%          9
m - Chain Lightning       Conj/Air       64%        3d85      4%          9
Your spell library was empty.

Dungeon Overview and Level Annotations

Branches:
Dungeon (15/15)            Temple (1/1) D:6            Lair (5/5) D:8
 Shoals (4/4) Lair:2        Snake (4/4) Lair:2        Slime (0/5) Lair:4
    Orc (2/2) D:9             Elf (3/3) Orc:2        Vaults (5/5) D:14
  Crypt (0/3) Vaults:2     Depths (4/4) D:15            Zot (5/5) Depths:4
 Bailey (visited)           IceCv (visited)         Volcano (visited)

Altars:
Ashenzari
Cheibriados
Dithmenos
Elyvilon
Fedhas
Gozag
Hepliaklqana
Makhleb
Nemelex Xobeh
Okawaru
Qazlal
Ru
Trog
Uskayaw
Wu Jian
Xom
Yredelemnul
Zin
The Shining One
Beogh

Shops:
D:4 !   Orc:2 :**![   Elf:3 [=*?   Shoals:3 :   Snake:1 :   Snake:2 :
Vaults:4 (   Vaults:5 :!?![=   Depths:3 ?

Portals:
Hell: Depths:1* Depths:2 Depths:3 Depths:4
Abyss: Depths:2 Depths:3
Pandemonium: Depths:1 Depths:2

Annotations:
D:4 2 transporters, 1 runed translucent door, exclusion: downstairs, Crazy Yiuf; NotBatman's ghost, amateur MDFi
D:10 exclusion: boulder beetle, Nergalle
Snake:2 2 transporters
Elf:2 3 runed translucent doors


Innate Abilities, Weirdness & Mutations

You are immune to sickness and miasma.
You are immune to poison.
Your flesh is very heat resistant. (rF++)
You are vulnerable to cold. (rC-)
You float through the air rather than walking.
You learn spells naturally, not from books.
Your magical power is your life essence.
You have superior vitality. (+4 MHP)
You possess an exceptional clarity of mind.
Armour fits poorly on your strangely shaped body.


Message History

You kill the Orb Guardian!
Casting: Plasma Beam (safe; 0% risk of failure)
You can't see any susceptible monsters within range! (Use Z to cast anyway.) Unknown command.
Casting: Plasma Beam (safe; 0% risk of failure)
You can't see any susceptible monsters within range! (Use Z to cast anyway.) Unknown command.
(D) Dungeon (T) Temple (L) Lair (A) Shoals (P) Snake Pit (M) Slime Pits (O) Orcish Mines (E) Elven Halls (V) Vaults (C) Crypt (U) Depths (H) Hell (Z) Zot
Where to? (Tab/Enter - D:1 @ (x,y), ? - help)
There is a stone staircase leading up here.
You fly upwards.
There is a stone staircase leading down here.
You see here a +0 club.
Things that are here:
a +0 short sword; a kobold skeleton An Orb Guardian comes into view.
Casting: Plasma Beam (safe; 0% risk of failure)
Casting: Plasma Beam (safe; 0% risk of failure)
Press: ? - help, Dir - look around, f - activate You feel a surge of power!
The bolt of lightning hits the Orb Guardian.
The fiery plasma hits the Orb Guardian!!!!
You kill the Orb Guardian!
Casting: Plasma Beam (safe; 0% risk of failure)
You can't see any susceptible monsters within range! (Use Z to cast anyway.) Unknown command.
Casting: Plasma Beam (safe; 0% risk of failure)
You can't see any susceptible monsters within range! (Use Z to cast anyway.) Unknown command.
(D) Dungeon (T) Temple (L) Lair (A) Shoals (P) Snake Pit (M) Slime Pits (O) Orcish Mines (E) Elven Halls (V) Vaults (C) Crypt (U) Depths (H) Hell (Z) Zot
Where to? (Tab/Enter - D:1 @ (x,y), ? - help)
You see here 6 stones.
There is a staircase leading out of the dungeon here.
You have escaped!

##.......##..####
##...#.##..##..).#
##...##..#..(####..
#...###..#.#..####.
##..##
#.#..##..###. #..##
#.##.###..###
#...####.#%.#
##..##
#....#......# ##...
##.@.#.####.# ##..
#....#......# ##...
#...####.##.#
##..## #..##
#.##.###..## #...##
#....##..##
##...###..#.#..##
##...##..#...##
##...#.##..##
##.......##


There were no monsters in sight!

Vanquished Creatures
  4 dread liches
  3 orbs of fire (Zot:5)
  2 juggernauts (Depths:2)
  Xtahua (Vaults:4)
  8 Killer Klowns (Zot:5)
  Saint Roka (Snake:3)
  Margery (Depths:3)
  2 curse toes
  The ghost of jasper the Skinwalker, a veteran MDFi of Makhleb (Depths:2)
  10 golden dragons
  2 bone dragons
  A Tzitzimitl (D:8)
  2 Brimstone Fiends
  2 electric golems (Zot:5)
  A hellephant (Depths:3)
  A pandemonium lord (D:8)
  17 tentacled monstrosities
  2 walking crystal tomes (Depths:3)
  A walking earthen tome (Depths:3)
  3 liches
  28 Orb Guardians
  2 deep elf master archers (Elf:3)
  5 titans
  5 deep elf blademasters
  10 quicksilver dragons
  Gastronok (Lair:3)
  7 sphinxes
  An Executioner (D:7)
  Frances (D:13)
  10 death cobs
  A kraken (Shoals:3)
  4 tengu reavers
  Aizul (Lair:2)
  18 storm dragons
  7 nagarajas
  8 protean progenitors
  A demonspawn warmonger (Depths:1)
  4 deep elf sorcerers
  7 draconian knights
  5 shadow dragons
  6 fire giants
  6 draconian monks
  A fenstrider witch (Zig:4)
  8 draconian shifters
  8 frost giants
  2 iron dragons
  24 vault wardens
  3 deep elf elementalists (Elf:3)
  Louise (Shoals:1)
  A juggernaut zombie (Depths:2)
  3 ghost moths
  2 balrugs (Depths:1)
  9 draconian scorchers
  A curse skull (Depths:2)
  3 caustic shrike skeletons (Depths:2)
  18 ironbound preservers
  7 draconian annihilators
  A juggernaut skeleton (Depths:2)
  8 orc warlords
  12 stone giants
  5 ironbound thunderhulks
  4 draconian stormcallers
  4 formless jellyfish
  10 very ugly things
  3 spriggan defenders
  2 vampire knights
  2 broodmothers (Zot:1)
  12 black draconians
  2 lorocyprocas
  7 red draconians
  6 deep elf demonologists
  5 dire elephants (Vaults:2)
  3 war gargoyles
  6 deep elf death magi (Elf:3)
  15 white draconians
  8 purple draconians
  12 deep elf annihilators
  10 green draconians
  9 spark wasps
  7 yellow draconians
  Snorg (D:11)
  3 merfolk javelineers
  10 fire dragons
  10 merfolk impalers
  7 yaktaur captains
  2 entropy weavers
  A shambling mangrove (Zig:4)
  9 ettins
  Harold (D:11)
  Josephine (Lair:4)
  8 deep elf high priests
  Fannar (Orc:1)
  6 great orbs of eyes
  7 ice dragons
  4 spriggan air magi
  5 hydras
  3 salamander tyrants
  32 vault guards
  A peacekeeper (Vaults:3)
  4 catoblepae
  4 ogre magi
  3 sphinx zombies
  2 alligators
  13 ironbound frosthearts
  5 anacondas
  7 merfolk aquamancers
  3 satyrs
  2 merfolk avatars (Shoals:2)
  A boulder beetle (shapeshifter) (Vaults:4)
  14 dancing weapons
  4 death yaks
  2 spriggan skeletons (Depths:2)
  14 centaur warriors
  12 two-headed ogres
  4 boulder beetles
  A death knight (D:15)
  3 occultists
  7 deep troll earth magi
  6 deep troll shamans
  5 shock serpents
  A sphinx skeleton (Depths:2)
  2 tengu warriors (Depths:2)
  Urug (Lair:1)
  15 naga sharpshooters
  3 spriggan berserkers
  A vampire mage (D:15)
  A sun demon (Depths:2)
  13 deep elf knights
  2 thrashing horrors (Abyss:2)
  Sonja (Lair:4)
  12 naga warriors
  A storm dragon zombie (D:15)
  7 orc high priests
  2 spriggans (Depths:3)
  2 titan skeletons (Depths:2)
  20 hell knights
  3 storm dragon skeletons (Depths:2)
  3 skysharks
  A skyshark (shapeshifter) (Vaults:5)
  12 skeletal warriors
  9 sea snakes
  7 iron trolls
  42 deep trolls
  5 salamander mystics
  A glowing orange brain (Depths:4)
  14 deep elf archers
  Lodul (D:13)
  6 arcanists
  9 mana vipers
  2 flayed ghosts
  2 swamp dragons
  A mana viper (shapeshifter) (Vaults:5)
  2 thermic dynamos
  2 obsidian statues
  3 phantasmal warriors
  Pikel (D:6)
  2 obsidian bats
  16 ironbound convokers
  A lindwurm (shapeshifter) (Vaults:5)
  3 orange crystal statues
  7 necromancers
  4 naga ritualists (Snake:4)
  3 golden dragon skeletons (Depths:2)
  24 orc knights
  A tengu zombie (Depths:2)
  6 lindwurms
  2 starcursed masses (Abyss:2)
  24 harpies
  16 ugly things
  24 deep elf zephyrmancers
  A shadow dragon skeleton (Depths:2)
  35 deep elf pyromancers
  5 orc sorcerers
  A will-o-the-wisp (Zig:4)
  18 manticores
  13 fauns
  6 cyclopes
  2 cyclopes (shapeshifter)
  24 moths of wrath
  A guardian serpent (shapeshifter) (Vaults:5)
  A manticore (shapeshifter) (Vaults:5)
  15 salamanders
  An iron dragon skeleton (Depths:2)
  3 meliai (D:14)
  2 elephants (D:8)
  21 vault sentinels
  5 guardian serpents
  8 merfolk sirens
  31 black mambas
  2 water nymphs (shapeshifter)
  4 water nymphs
  5 kobold blastminers
  19 naga magi
  6 storm dragon simulacra (IceCv)
  5 frost giant skeletons
  3 fire giant skeletons (Depths:2)
  A toenail golem (Zot:3)
  A black mamba (shapeshifter) (Elf:1)
  A torpor snail (shapeshifter) (Depths:4)
  A cane toad (shapeshifter) (D:15)
  2 ice statues
  A smoke demon (Depths:1)
  An elf zombie (Vaults:3)
  9 cane toads
  2 gargoyles
  7 torpor snails
  3 rime drakes
  3 centaur skeletons (D:14)
  An efreet (D:15)
  An unseen horror (D:11)
  35 yaktaurs
  7 komodo dragons
  2 hellions (Zig:3)
  3 kobold demonologists
  A komodo dragon (shapeshifter) (Vaults:5)
  A yaktaur (shapeshifter) (Vaults:5)
  A tengu conjurer (Depths:2)
  A tormentor (D:12)
  5 tyrant leeches
  9 wind drakes
  2 polar bears
  9 golden dragon simulacra (IceCv)
  A polar bear (shapeshifter) (Elf:2)
  6 trolls
  2 hellwings
  31 merfolk
  An ettin zombie (Vaults:3)
  7 blink frogs
  11 snapping turtles
  10 hornets
  30 slime creatures
  9 dream sheep
  An air elemental (Elf:1)
  33 water elementals
  7 wyverns
  A culicivora (shapeshifter) (Vaults:5)
  A shadow (D:12)
  2 frost giant simulacra (Depths:2)
  Sigmund (D:6)
  A vampire (D:13)
  8 wraiths
  Eustachio (D:6)
  3 fire bats (Volcano)
  4 fire elementals
  30 yaks
  4 basilisks
  A redback (shapeshifter) (Elf:3)
  4 redbacks
  A neqoxec (D:8)
  6 wargs
  Menkaure (D:5)
  4 steam dragons
  4 vampire mosquitoes
  4 acid dragons
  38 nagas
  A swamp worm (shapeshifter) (Vaults:5)
  8 water moccasins
  A sky beast (D:7)
  5 black bears
  12 laughing skulls (Depths:2)
  3 swamp drakes (Lair:5)
  3 glowing shapeshifter skeletons
  39 orc warriors
  23 ogres
  6 wolves
  6 boggarts (D:14)
  3 ice dragon simulacra (IceCv)
  12 centaurs
  A phantom (D:5)
  6 bullfrogs
  A glowing shapeshifter simulacrum (Depths:2)
  9 kobold brigands
  A gnoll sergeant (D:10)
  6 earth elementals
  3 scorpions
  5 wights
  3 lindwurm simulacra (IceCv)
  2 killer bees (D:9)
  7 electric eels
  3 howler monkeys
  3 lava snakes (Volcano)
  A crimson imp (D:4)
  2 bombardier beetles
  11 jellies
  A hound (D:6)
  21 orc priests
  2 gnoll boudas
  Ijyb (D:4)
  A sleepcap (D:5)
  8 iguanas
  22 orc wizards
  A boggart skeleton (D:14)
  8 adders
  15 gnolls
  3 river rats
  A white imp (D:4)
  An ufetubus (D:7)
  3 dart slugs
  A ribbon worm (D:2)
  79 orcs
  9 ball pythons
  A bat (D:1)
  5 endoplasms
  5 giant cockroaches
  18 goblins
  12 hobgoblins
  6 jackals
  2 quokkas
  4 frilled lizards
  33 kobolds
  5 rats
  8 aspiring fleshes
  A fire vortex (Depths:2)
  A snaplasher vine (Vaults:5)
  2 tentacles (Shoals:3)
2099 creatures vanquished.

Vanquished Creatures (collateral kills)
  A golden dragon (Vaults:5)
  A titan (Vaults:5)
  2 sphinxes (Vaults:5)
  A shadow dragon (Depths:3)
  A nagaraja (Snake:4)
  3 frost giants (Vaults:5)
  3 fire giants (Vaults:5)
  An orc warlord (Vaults:1)
  3 ironbound preservers (Vaults:5)
  2 ironbound thunderhulks (Vaults:5)
  A stone giant (Depths:3)
  A white draconian (IceCv)
  A war gargoyle (Vaults:5)
  An ettin (Vaults:5)
  A fire dragon (Depths:3)
  4 vault guards (Vaults:5)
  A deep elf high priest (Vaults:5)
  2 hydras
  An anaconda (Snake:1)
  A merfolk avatar (Shoals:2)
  A two-headed ogre (Vaults:5)
  2 boulder beetles
  A deep troll earth mage (Vaults:5)
  A death yak (Lair:3)
  A salamander mystic (Volcano)
  2 sea snakes
  2 skysharks
  A phantasmal warrior (Vaults:5)
  6 harpies
  An obsidian statue (Volcano)
  3 salamanders
  2 elephants
  A manticore (Shoals:1)
  A merfolk siren (Shoals:2)
  3 black mambas
  A naga mage (Snake:4)
  A water nymph (Shoals:2)
  8 cane toads
  3 komodo dragons
  A freezing wraith (Vaults:5)
  2 blink frogs (Lair:4)
  A polar bear (Lair:1)
  A wind drake (Shoals:2)
  A wyvern (Lair:3)
  19 yaks
  A fire bat (Volcano)
  3 basilisks
  A steam dragon (D:10)
  An acid dragon (Lair:5)
  4 water moccasins
  4 orc warriors
  A black bear (Lair:3)
  10 wolves
  A phantom (D:6)
  A kobold brigand (D:9)
  2 bullfrogs
  4 killer bees (D:9)
  7 jellies
  3 orc priests
  An iguana (D:7)
  An orc wizard (D:9)
  A hell rat (D:8)
  An adder (D:6)
  A shadow imp (D:8)
  An ufetubus (D:7)
  20 orcs
  3 kobolds (D:9)
170 creatures vanquished.

Vanquished Creatures (others)
  A deep elf death mage (Vaults:5)
  A water moccasin (Lair:3)
  2 orc wizards
  A gnoll (D:10)
  A butterfly (Depths:3)
  12 fire vortices
  5 snaplasher vines
  2 tentacles (Shoals:3)
25 creatures vanquished.

Grand Total: 2294 creatures vanquished

Notes
Turn   | Place    | Note
-------+----------+-------------------------------------------
     0 | D:5      | ragingrage the Djinni Delver began the quest for the Orb.
     0 | D:5      | Reached XP level 1. HP: 20/20 MP: 0/0
    24 | D:6      | Noticed an iguana
    55 | D:5      | Noticed an orc priest
    93 | D:5      | Noticed a gnoll bouda
   108 | D:5      | Noticed an orc priest
   108 | D:5      | Noticed an orc wizard
   108 | D:5      | Noticed an orc priest
   120 | D:5      | Noticed an orc wizard
   120 | D:5      | Noticed an orc wizard
   129 | D:5      | Noticed a jelly
   302 | D:4      | Reached XP level 2. HP: 25/25 MP: 0/0
   302 | D:4      | Found a transporter.
   341 | D:4      | Noticed NotBatman's ghost (amateur MDFi)
   343 | D:4      | Noticed a quasit
   343 | D:4      | Noticed a quasit
   345 | D:4      | Noticed a quasit
   377 | D:3      | Reached XP level 3. HP: 30/30 MP: 0/0
   377 | D:3      | Learned a level 1 spell: Necrotise
   670 | D:2      | Reached XP level 4. HP: 32/35 MP: 0/0
  1276 | D:1      | Reached XP level 5. HP: 40/40 MP: 0/0
  1276 | D:1      | Learned a level 2 spell: Scorch
  2363 | D:3      | Found the +5 robe of Misfortune {Harm *Corrode *Slow EV+5}
  2803 | D:2      | Reached skill level 5 in Short Blades
  3243 | D:3      | Found a hide-covered altar of Uskayaw.
  3243 | D:3      | Found a white marble altar of Elyvilon.
  3243 | D:3      | Found a stormy altar of Qazlal.
  3409 | D:4      | Identified the +5 flail of the Warrior-Mage {distort,
                  | *Noise Str+2 Int+7}
  3431 | D:4      | Found Ovanga Fayr's Distillery.
  3441 | D:4      | Bought a potion of heal wounds for 70 gold pieces
  3441 | D:4      | Bought a potion of curing for 42 gold pieces
  3630 | D:4      | Reached skill level 1 in Spellcasting
  3630 | D:4      | Reached skill level 1 in Conjurations
  3630 | D:4      | Reached skill level 1 in Hexes
  3630 | D:4      | Reached skill level 1 in Summonings
  3630 | D:4      | Reached skill level 1 in Necromancy
  3630 | D:4      | Reached skill level 1 in Translocations
  3630 | D:4      | Reached skill level 1 in Fire Magic
  3630 | D:4      | Reached skill level 1 in Ice Magic
  3630 | D:4      | Reached skill level 1 in Air Magic
  3630 | D:4      | Reached skill level 1 in Earth Magic
  3630 | D:4      | Reached skill level 1 in Alchemy
  3649 | D:4      | Reached XP level 6. HP: 45/46 MP: 0/0
  3933 | D:4      | Found a runed translucent door.
  3934 | D:4      | Noticed Crazy Yiuf
  4287 | D:4      | Noticed Ijyb
  4314 | D:4      | Killed Ijyb
  4419 | D:4      | Found a transporter.
  4540 | D:4      | Reached skill level 2 in Conjurations
  4640 | D:5      | Noticed an ogre
  4766 | D:5      | Reached skill level 3 in Conjurations
  4766 | D:5      | Reached XP level 7. HP: 47/50 MP: 0/0
  4766 | D:5      | Learned a level 3 spell: Maxwell's Portable Piledriver
  4781 | D:5      | Identified the +7 whip "Cocho" {drain, rN+ Will+ Dex+3}
  5085 | D:5      | Reached skill level 1 in Maces & Flails
  5119 | D:5      | Noticed a water moccasin
  5134 | D:5      | Killed a water moccasin
  5234 | D:5      | Reached XP level 8. HP: 47/56 MP: 0/0
  5302 | D:5      | Reached skill level 4 in Conjurations
  5357 | D:5      | Noticed Menkaure
  5380 | D:5      | Killed Menkaure
  5900 | D:5      | Reached skill level 5 in Spellcasting
  5900 | D:5      | Reached skill level 5 in Conjurations
  5900 | D:5      | Reached skill level 5 in Hexes
  5900 | D:5      | Reached skill level 5 in Summonings
  5900 | D:5      | Reached skill level 5 in Necromancy
  5900 | D:5      | Reached skill level 5 in Translocations
  5900 | D:5      | Reached skill level 5 in Fire Magic
  5900 | D:5      | Reached skill level 5 in Ice Magic
  5900 | D:5      | Reached skill level 5 in Air Magic
  5900 | D:5      | Reached skill level 5 in Earth Magic
  5900 | D:5      | Reached skill level 5 in Alchemy
  5935 | D:6      | Noticed Eustachio
  5941 | D:6      | Killed Eustachio
  5942 | D:6      | Noticed Sigmund
  5953 | D:5      | Reached XP level 9. HP: 48/60 MP: 0/0
  5953 | D:5      | Learned a level 3 spell: Summon Ice Beast
  5997 | D:6      | Noticed Pikel
  5999 | D:6      | Killed Sigmund
  6000 | D:6      | Reached skill level 6 in Conjurations
  6184 | D:6      | Killed Pikel
  6185 | D:6      | Reached skill level 7 in Conjurations
  6441 | D:6      | Found a staircase to the Ecumenical Temple.
  6449 | Temple   | Entered the Ecumenical Temple
  6464 | Temple   | Became a worshipper of Ashenzari the Shackled
  6676 | D:6      | Found a shimmering altar of Xom.
  6677 | D:6      | Found a hazy altar of Hepliaklqana.
  6678 | D:6      | Noticed a spectral ugly thing
  7193 | D:7      | Reached skill level 8 in Conjurations
  7451 | D:7      | Reached skill level 1 in Evocations
  7451 | D:7      | Reached XP level 10. HP: 61/67 MP: 0/0
  8134 | D:8      | Noticed a cane toad
  8136 | D:8      | Found a staircase to the Lair.
  8185 | D:8      | Killed a cane toad
  8291 | D:8      | Found a sparkling altar of Nemelex Xobeh.
  8663 | D:8      | Reached * piety under Ashenzari
  8861 | D:8      | Reached skill level 5 in Fighting
  8944 | D:8      | Found a glowing golden altar of the Shining One.
  8978 | D:8      | Reached skill level 5 in Dodging
  9677 | D:9      | Reached skill level 9 in Conjurations
  9760 | D:9      | Reached ** piety under Ashenzari
  9948 | D:9      | Reached skill level 1 in Armour
  9952 | D:9      | Reached XP level 11. HP: 53/76 MP: 0/0
  9952 | D:9      | Learned a level 5 spell: Yara's Violent Unravelling
 10526 | D:9      | Found a staircase to the Orcish Mines.
 10540 | D:9      | Found a roughly hewn altar of Beogh.
 11287 | D:10     | Entered Level 10 of the Dungeon
 11393 | D:10     | Found a flagged portal.
 11644 | Bailey   | Entered a bailey
 11649 | Bailey   | Noticed an orc warlord
 11649 | Bailey   | Identified a scroll of acquirement
 11826 | Bailey   | Found a runed translucent gate.
 11829 | Bailey   | Found a runed translucent gate.
 11831 | Bailey   | Found a runed translucent gate.
 12097 | Bailey   | Killed an orc warlord
 12332 | D:10     | Noticed a boulder beetle
 12431 | D:10     | Noticed Nergalle
 12631 | D:10     | Noticed a two-headed ogre
 12640 | D:10     | Killed a two-headed ogre
 12641 | D:10     | Reached XP level 12. HP: 68/85 MP: 0/0
 12706 | D:10     | Killed a boulder beetle
 12707 | D:10     | Reached skill level 10 in Spellcasting
 12707 | D:10     | Reached skill level 10 in Conjurations
 12707 | D:10     | Reached skill level 10 in Hexes
 12707 | D:10     | Reached skill level 10 in Summonings
 12707 | D:10     | Reached skill level 10 in Necromancy
 12707 | D:10     | Reached skill level 10 in Translocations
 12707 | D:10     | Reached skill level 10 in Fire Magic
 12707 | D:10     | Reached skill level 10 in Ice Magic
 12707 | D:10     | Reached skill level 10 in Air Magic
 12707 | D:10     | Reached skill level 10 in Earth Magic
 12707 | D:10     | Reached skill level 10 in Alchemy
 13066 | Lair:1   | Entered Level 1 of the Lair of Beasts
 13083 | Lair:1   | Noticed Urug
 13098 | Lair:1   | Killed Urug
 13812 | Lair:1   | Reached *** piety under Ashenzari
 13913 | Lair:1   | Noticed a catoblepas
 13921 | Lair:1   | Killed a catoblepas
 14058 | Lair:1   | Reached skill level 10 in Fighting
 14256 | Lair:1   | Reached skill level 5 in Evocations
 14256 | Lair:1   | Reached XP level 13. HP: 92/96 MP: 0/0
 14256 | Lair:1   | Learned a level 5 spell: Summon Forest
 14267 | Lair:1   | Reached XP level 14. HP: 99/105 MP: 0/0
 14399 | Lair:1   | Reached skill level 11 in Conjurations
 14917 | Lair:2   | You are sucked into a shaft and drop 1 floor!
 15000 | Lair:2   | Found a staircase to the Shoals.
 15058 | Lair:2   | Found a dark tunnel.
 15079 | Lair:2   | Reached skill level 10 in Dodging
 15100 | Volcano  | Entered a volcano
 15362 | Volcano  | Found a burning altar of Makhleb.
 15760 | Lair:2   | Found a staircase to the Snake Pit.
 16530 | Lair:3   | Noticed Gastronok
 16542 | Lair:3   | Killed Gastronok
 17063 | Lair:4   | Found an ornate altar of the Wu Jian Council.
 17158 | Lair:4   | Reached XP level 15. HP: 118/118 MP: 0/0
 17158 | Lair:4   | Learned a level 6 spell: Plasma Beam
 17158 | Lair:4   | Noticed Sonja
 17159 | Lair:4   | Killed Sonja
 17287 | Lair:5   | Entered Level 5 of the Lair of Beasts
 17419 | Lair:4   | Noticed Josephine
 17486 | Lair:4   | Killed Josephine
 18067 | Lair:4   | Found a staircase to the Slime Pits.
 18427 | Lair:5   | Reached skill level 12 in Conjurations
 19512 | Lair:5   | Reached skill level 13 in Conjurations
 20368 | Orc:1    | Entered Level 1 of the Orcish Mines
 20372 | Orc:1    | Noticed Fannar
 20459 | Orc:1    | Reached XP level 16. HP: 119/124 MP: 0/0
 20461 | Orc:1    | Killed Fannar
 20720 | Orc:2    | Entered Level 2 of the Orcish Mines
 20809 | Orc:2    | Reached skill level 14 in Conjurations
 21035 | Orc:2    | Found a staircase to the Elven Halls.
 21117 | Orc:2    | Found Zoidan's Book Shop.
 21765 | Orc:2    | Found Bacavec's Armour Boutique.
 21765 | Orc:2    | Found Plog's Distillery.
 21767 | Orc:2    | Found Ecur's General Store.
 21767 | Orc:2    | Found Xiepn's General Store.
 21776 | Orc:2    | Bought a scroll of teleportation for 39 gold pieces
 21777 | Orc:2    | Bought a scroll of summoning for 152 gold pieces
 21779 | Orc:2    | Bought a potion of ambrosia for 88 gold pieces
 21784 | Orc:2    | Bought a +0 buckler for 63 gold pieces
 22195 | D:11     | Found a portal to a secret trove of treasure.
 22219 | D:11     | Reached skill level 1 in Shields
 22467 | D:11     | Noticed Harold
 22473 | D:11     | Killed Harold
 22536 | D:11     | Noticed Snorg
 22540 | D:11     | Killed Snorg
 22977 | D:12     | Acquired a manual of Evocations
 24527 | D:13     | Identified the +5 ring mail "Byadwer" {rC- Regen+ Stlth+}
 24553 | D:13     | Noticed Lodul
 24556 | D:13     | Killed Lodul
 24695 | D:13     | Noticed Frances
 24698 | D:13     | Killed Frances
 25225 | D:14     | Found a shadowy altar of Dithmenos.
 25257 | D:14     | Reached skill level 5 in Shields
 25431 | D:14     | Reached XP level 17. HP: 113/133 MP: 0/0
 25431 | D:14     | Learned a level 6 spell: Death Channel
 25598 | D:14     | Found a gate to the Vaults.
 25688 | D:15     | Entered Level 15 of the Dungeon
 25823 | D:15     | Reached skill level 10 in Evocations
 25878 | D:15     | Acquired a manual of Conjurations
 26076 | D:15     | Found a staircase to the Depths.
 26380 | D:15     | Found a hazy altar of Hepliaklqana.
 26666 | Snake:1  | Entered Level 1 of the Snake Pit
 26670 | Snake:1  | Identified the serpent talisman of Fyplity {rC+ Str+5}
 26670 | Snake:1  | Noticed Aizul
 26682 | Lair:2   | Killed Aizul
 26977 | Snake:1  | Found a basalt altar of Yredelemnul.
 27026 | Snake:1  | Found Geuzy's Book Shop.
 27400 | Snake:2  | Reached skill level 5 in Armour
 27448 | Snake:2  | Reached skill level 15 in Evocations
 27503 | Snake:2  | Found a transporter.
 27863 | Snake:2  | Found Moniqiafawn's Tremendous Tomes.
 28128 | Snake:2  | Found a transporter.
 28128 | Snake:2  | Identified the ring of Ybaqeh {Will+ Int+6}
 28130 | Snake:2  | Identified the ring of Roisiwn {rElec rN+ SInv}
 28450 | Snake:3  | Reached XP level 18. HP: 110/139 MP: 0/0
 28603 | Snake:3  | Noticed Saint Roka
 28620 | Snake:3  | Killed Saint Roka
 28833 | Snake:3  | Identified Guaream's Cyclopedia of the Map and Fire
 29202 | Snake:4  | Entered Level 4 of the Snake Pit
 29413 | Snake:4  | Found a glacial archway.
 29419 | Snake:4  | Acquired 1319 gold pieces
 29421 | Snake:4  | Acquired a manual of Fighting
 29426 | IceCv    | Entered an ice cave
 29534 | IceCv    | Reached skill level 15 in Fighting
 29669 | IceCv    | Identified the ring "Veutrit" {rCorr MP+9 Int+6}
 29683 | IceCv    | Reached skill level 10 in Armour
 30383 | Snake:4  | Reached XP level 19. HP: 102/150 MP: 0/0
 30383 | Snake:4  | Learned a level 7 spell: Orb of Destruction
 30680 | Snake:4  | Reached skill level 15 in Conjurations
 30944 | Snake:4  | Got a serpentine rune of Zot
 31249 | Shoals:1 | Entered Level 1 of the Shoals
 31374 | Shoals:1 | Acquired the +3 cloak of Birdsong {rPois rC+ Dex+4}
 31509 | Shoals:1 | Reached skill level 15 in Spellcasting
 31509 | Shoals:1 | Reached skill level 15 in Hexes
 31509 | Shoals:1 | Reached skill level 15 in Summonings
 31509 | Shoals:1 | Reached skill level 15 in Necromancy
 31509 | Shoals:1 | Reached skill level 15 in Translocations
 31509 | Shoals:1 | Reached skill level 15 in Fire Magic
 31509 | Shoals:1 | Reached skill level 15 in Ice Magic
 31509 | Shoals:1 | Reached skill level 15 in Air Magic
 31509 | Shoals:1 | Reached skill level 15 in Earth Magic
 31509 | Shoals:1 | Reached skill level 15 in Alchemy
 31684 | Shoals:1 | Noticed Louise
 31688 | Shoals:1 | Killed Louise
 32209 | Shoals:2 | Reached skill level 16 in Conjurations
 32963 | Shoals:2 | Reached skill level 17 in Conjurations
 33598 | Shoals:3 | Reached **** piety under Ashenzari
 33722 | Shoals:3 | Reached XP level 20. HP: 138/162 MP: 0/0
 33890 | Shoals:3 | Found Tait's Book Boutique.
 34196 | Shoals:4 | Entered Level 4 of the Shoals
 34383 | Shoals:4 | Identified the ring "Bonom" {Fly rElec}
 34777 | Shoals:4 | Reached skill level 1 in Staves
 35141 | Shoals:4 | Got a barnacled rune of Zot
 35699 | Elf:1    | Entered Level 1 of the Elven Halls
 35784 | Elf:1    | Reached skill level 10 in Shields
 36052 | Orc:2    | Acquired 711 gold pieces
 36781 | Elf:1    | Identified the Opusculum on Syndicated Confrontation
 37071 | Elf:2    | Found a flickering gateway to a bazaar.
 37083 | Bazaar   | Entered a bazaar
 37083 | Bazaar   | Found Meediado's Assorted Antiques.
 37083 | Bazaar   | Found Kydoi's Antique Weapon Shop.
 37083 | Bazaar   | Found Zibbuz's Book Shop.
 37091 | Bazaar   | Bought a potion of heal wounds for 115 gold pieces
 37093 | Bazaar   | Bought a manual of Dodging for 880 gold pieces
 37097 | Bazaar   | Bought the +11 Singing Sword {sonic wave} for 3900 gold
                  | pieces
 37097 | Bazaar   | Found the +11 Singing Sword {sonic wave}
 37124 | Elf:2    | Reached XP level 21. HP: 163/168 MP: 0/0
 37124 | Elf:2    | Learned a level 8 spell: Fulsome Fusillade
 37368 | Elf:2    | Found a runed translucent gate.
 37368 | Elf:2    | Found a runed translucent gate.
 37368 | Elf:2    | Found a runed translucent gate.
 37625 | Elf:3    | Entered Level 3 of the Elven Halls
 37793 | Abyss:2  | Cast into level 2 of the Abyss (a deep elf sorcerer)
 37867 | Abyss:2  | Reached skill level 15 in Dodging
 37878 | Abyss:2  | Found a corrupted altar of Lugonu.
 37956 | Elf:3    | Escaped the Abyss
 38051 | Elf:3    | Acquired 706 gold pieces
 38093 | Elf:3    | Found Qepneum's Assorted Antiques.
 38093 | Elf:3    | Found Hawecuh's Jewellery Boutique.
 38094 | Elf:3    | Found Gaawnaiz's Magic Scroll Shop.
 38096 | Elf:3    | Found Ycuerghubb's Antique Armour Boutique.
 38101 | Elf:3    | Bought a potion of heal wounds for 110 gold pieces
 38104 | Elf:3    | Bought a transparent ring mail for 288 gold pieces
 38104 | Elf:3    | Identified the +2 ring mail of the Shining Light {rF+ rN++}
                  | (You bought it in a shop on level 3 of the Elven Halls)
 38523 | Elf:3    | Reached skill level 18 in Conjurations
 39091 | Elf:3    | Found the +7 hand cannon "Mule" {flame, backblast, rF+}
 39109 | Elf:3    | Identified the staff "Tifel" {rC+ Will+ rCorr Tloc Ice}
 39109 | Elf:3    | Identified the Notes on the Door
 39119 | Elf:3    | Identified the Quarto of Production and Unhallowed Words
 39119 | Elf:3    | Identified the staff "Dragonslayer" {rC+ Will- Int+8 Dex+2
                  | Ice}
 39119 | Elf:3    | Identified the +9 shortbow "Noann" {elec, Fly Will+ Dex+3
                  | Stlth+}
 39124 | Elf:3    | Identified the Almanac of Leucotic Geometries
 39153 | Elf:3    | Identified the +10 orcbow of Voracious Subterfuge {drain,
                  | rPois rF+ rC- Str+4}
 39160 | Elf:3    | Identified the +1 ring mail "Tusan" {rN+ Int+2 Dex+3}
 39636 | D:11     | You paid a toll of 4 potions of resistance to enter a
                  | treasure trove
 39637 | Trove    | Entered a treasure trove
 39653 | Trove    | Identified the amulet "Beabafesh" {Harm rPois Will+
                  | RegenMP+ Str-4}
 39676 | Trove    | Identified the +1 pair of gloves of Moral Flaws {rF+ Int+4
                  | Stlth+}
 39676 | Trove    | Identified the +8 chain mail "Qaashrih" {Harm Regen+ Int-4}
 39676 | Trove    | Identified the +2 robe of Sunlight {rN+ Will- Str-4 Dex+4}
 39885 | Vaults:1 | Entered Level 1 of the Vaults
 40120 | Vaults:1 | Reached skill level 19 in Conjurations
 40120 | Vaults:1 | Reached XP level 22. HP: 158/175 MP: 0/0
 40214 | Vaults:1 | Reached XP level 23. HP: 177/180 MP: 0/0
 40214 | Vaults:1 | Learned a level 8 spell: Disjunction
 40763 | Vaults:1 | Found a roughly hewn altar of Beogh.
 40813 | Vaults:1 | Identified the staff "Laiwapn" {rElec rN+ Air Alchemy}
 41394 | Vaults:2 | Found a staircase to the Crypt.
 41421 | Vaults:2 | Reached skill level 20 in Conjurations
 41617 | Vaults:2 | Found a glowing silver altar of Zin.
 42801 | Vaults:3 | Reached skill level 5 in Staves
 42812 | Vaults:3 | Reached XP level 24. HP: 132/186 MP: 0/0
 42962 | Vaults:3 | Reached skill level 21 in Conjurations
 44189 | Vaults:4 | Identified the +4 orcbow "Mipun" {antimagic, rPois rF-
                  | rC+++ Str+4 Int-4}
 44324 | Vaults:4 | Identified the +2 leather armour of Biukhlaf {rElec rN+
                  | Dex+2 Slay+3}
 44333 | Vaults:4 | Identified the ring of the Tormentor {rPois rF- rN+ Int+2
                  | Stlth+}
 44755 | Vaults:4 | Reached skill level 22 in Conjurations
 44883 | Vaults:4 | Identified the +0 dagger of Analysis {heavy, ^Drain rElec
                  | Int-3 Dex+5}
 45388 | Vaults:4 | Noticed Xtahua
 45393 | Vaults:4 | Killed Xtahua
 45654 | Vaults:4 | Found Cajut's Antique Weapon Shop.
 46165 | Depths:1 | Entered Level 1 of the Depths
 46307 | Depths:1 | Reached skill level 23 in Conjurations
 46307 | Depths:1 | Reached XP level 25. HP: 121/193 MP: 0/0
 46307 | Depths:1 | Learned a level 9 spell: Fire Storm
 46702 | Depths:1 | Found a one-way gateway to a ziggurat.
 46745 | Depths:1 | Found a gateway to Hell.
 46842 | Depths:1 | Found a shimmering altar of Xom.
 47115 | Depths:1 | Found a one-way gate leading to the halls of Pandemonium.
 47478 | Depths:2 | Found a one-way gate to the infinite horrors of the Abyss.
 47479 | Depths:2 | Acquired 733 gold pieces
 47481 | Depths:2 | Acquired the ring "Itotye" {rC++ Will+}
 47594 | Depths:2 | Reached skill level 24 in Conjurations
 47598 | Depths:2 | Reached skill level 10 in Staves
 47674 | Depths:2 | Noticed a juggernaut
 47678 | Depths:2 | Noticed a juggernaut
 47682 | Depths:2 | Noticed jasper's ghost (veteran MDFi)
 47683 | Depths:2 | Found a bloodstained altar of Trog.
 47950 | Depths:2 | Found a transporter.
 47955 | Depths:2 | Found a transporter.
 48343 | Depths:2 | Identified the +4 orcbow of Vuaxas {antimagic, rPois rF+
                  | Str-3 Stlth+}
 48795 | Depths:3 | Identified the +4 scimitar "Urarches" {flame, Int+3}
 48971 | Depths:3 | Reached skill level 25 in Conjurations
 49085 | Depths:3 | Found a white marble altar of Elyvilon.
 49123 | Depths:3 | Reached XP level 26. HP: 193/199 MP: 0/0
 49129 | Depths:3 | Noticed Margery
 49172 | Depths:3 | Killed Margery
 49333 | Depths:3 | Found Cusora's Magic Scroll Shoppe.
 49341 | Depths:3 | Bought 3 scrolls of acquirement for 2028 gold pieces
 49341 | Depths:3 | Acquired 1168 gold pieces
 49346 | Depths:3 | Acquired a manual of Armour
 49655 | Depths:4 | Entered Level 4 of the Depths
 49930 | Depths:4 | Reached skill level 26 in Conjurations
 50108 | Depths:4 | Found an iron altar of Okawaru.
 50526 | Depths:4 | Found a gate to the Realm of Zot.
 50948 | Vaults:5 | Entered Level 5 of the Vaults
 50984 | Vaults:5 | Reached skill level 27 in Conjurations
 50992 | Vaults:5 | Noticed a dread lich
 50996 | Vaults:5 | Killed a dread lich
 51029 | Vaults:5 | Reached XP level 27. HP: 204/211 MP: 0/0
 51029 | Vaults:5 | Learned a level 9 spell: Chain Lightning
 51043 | Vaults:5 | Found Wyrrussa's Antique Armour Shoppe.
 51408 | Vaults:5 | Noticed a dread lich
 51411 | Vaults:5 | Killed a dread lich
 51481 | Vaults:5 | Found Vaahet's Jewellery Shoppe.
 51776 | Vaults:5 | Found Byaso's Distillery.
 51781 | Vaults:5 | Bought a potion of heal wounds for 100 gold pieces
 51781 | Vaults:5 | Bought a potion of heal wounds for 100 gold pieces
 51781 | Vaults:5 | Bought a potion of cancellation for 160 gold pieces
 51781 | Vaults:5 | Bought a potion of curing for 60 gold pieces
 51781 | Vaults:5 | Bought a potion of curing for 60 gold pieces
 51867 | Vaults:5 | Found Ecyha's Book Boutique.
 51992 | Vaults:5 | Got a silver rune of Zot
 52003 | Vaults:5 | Found Apponemirgh's Distillery.
 52008 | Vaults:5 | Bought a potion of heal wounds for 105 gold pieces
 52008 | Vaults:5 | Bought a potion of curing for 63 gold pieces
 52008 | Vaults:5 | Bought 2 potions of curing for 126 gold pieces
 52008 | Vaults:5 | Bought a potion of curing for 63 gold pieces
 52015 | Vaults:5 | Found Omuquack's Magic Scroll Boutique.
 52020 | Vaults:5 | Bought a scroll of blinking for 90 gold pieces
 52020 | Vaults:5 | Bought a scroll of acquirement for 624 gold pieces
 52020 | Vaults:5 | Bought a scroll of teleportation for 36 gold pieces
 52020 | Vaults:5 | Bought a scroll of enchant armour for 90 gold pieces
 52020 | Vaults:5 | Acquired 916 gold pieces
 52022 | Vaults:5 | Acquired a manual of Shields
 52298 | Depths:2 | Killed jasper's ghost
 52298 | Depths:2 | Killed a juggernaut
 52298 | Depths:2 | Killed a juggernaut
 53161 | Vaults:5 | Found Wyrrussa's Antique Armour Shoppe.
 53161 | Vaults:5 | Found Vaahet's Jewellery Shoppe.
 53240 | Vaults:5 | Found Omuquack's Magic Scroll Boutique.
 53562 | Vaults:5 | Found Byaso's Distillery.
 53659 | Vaults:5 | Found Apponemirgh's Distillery.
 53706 | Vaults:5 | Found Ecyha's Book Boutique.
 54160 | Zot:1    | Entered Level 1 of the Realm of Zot
 54239 | Zot:1    | Reached skill level 15 in Shields
 54406 | Zot:1    | Reached skill level 15 in Armour
 55645 | Zot:2    | You are sucked into a shaft and drop 2 floors!
 57821 | Zot:5    | Entered Level 5 of the Realm of Zot
 58460 | Zot:5    | Noticed a dread lich
 58461 | Zot:5    | Noticed a Killer Klown
 58462 | Zot:5    | Paralysed by a dread lich for 2 turns
 58472 | Zot:5    | Killed a dread lich
 58473 | Zot:5    | Killed a Killer Klown
 58540 | Zot:5    | Noticed a Killer Klown
 58542 | Zot:5    | Killed a Killer Klown
 58564 | Zot:5    | Noticed a Killer Klown
 58566 | Zot:5    | Killed a Killer Klown
 58588 | Zot:5    | Noticed a Killer Klown
 58603 | Zot:5    | Killed a Killer Klown
 58708 | Zot:5    | Noticed an orb of fire
 58717 | Zot:5    | Gained mutation: You occasionally lose the ability to read
                  | scrolls when taking damage. [an orb of fire]
 58719 | Zot:5    | Killed an orb of fire
 58829 | Zot:5    | Noticed an orb of fire
 58833 | Zot:5    | Killed an orb of fire
 59107 | Zot:5    | Upgraded the game from 0.32-a0-960-g3814254bd7 to
                  | 0.32-a0-961-gd60f5e5fc7
 59163 | Zot:5    | Noticed an orb of fire
 59167 | Zot:5    | Noticed a Killer Klown
 59169 | Zot:5    | Killed an orb of fire
 59172 | Zot:5    | Killed a Killer Klown
 59236 | Zot:5    | Lost mutation: You occasionally lose the ability to read
                  | scrolls when taking damage. [potion of mutation]
 59236 | Zot:5    | Gained mutation: You possess an exceptional clarity of
                  | mind. [potion of mutation]
 59236 | Zot:5    | Gained mutation: Armour fits poorly on your strangely
                  | shaped body. [potion of mutation]
 59242 | Zot:5    | Noticed a Killer Klown
 59247 | Zot:5    | Killed a Killer Klown
 59290 | Zot:5    | Noticed a Killer Klown
 59298 | Zot:5    | Killed a Killer Klown
 59741 | Zot:5    | Noticed a Killer Klown
 59744 | Zot:5    | Killed a Killer Klown
 60556 | Zig:1    | Entered Level 1 of a ziggurat
 60577 | Zig:2    | Entered Level 2 of a ziggurat
 60594 | Zig:3    | Entered Level 3 of a ziggurat
 60594 | Zig:3    | Identified the +8 dagger of the Known World {protect,
                  | Dex+3}
 60633 | Zig:4    | Entered Level 4 of a ziggurat
 60634 | Zig:4    | Identified the +0 leather armour of Integrity {Will+}
 60673 | Zig:5    | Entered Level 5 of a ziggurat
 60676 | Zig:5    | Found the +7 great mace "Undeadhunter" {deathbane, rN+}
 60677 | Zig:5    | Identified the +6 dagger of the King {drain, rPois rC+
                  | Int+4}
 60722 | Zig:6    | Entered Level 6 of a ziggurat
 60728 | Zig:6    | Identified the ring of Enorghirch {+Blink rElec rF+ rN+
                  | Will- Dex+3}
 60728 | Zig:6    | Identified the +5 trident "Goblin's Doom" {vamp, *Noise
                  | rPois Int+3}
 60729 | Zig:6    | Identified the ring of Ynigh {Fly rElec AC+4 Int+2}
 60775 | Zig:7    | Entered Level 7 of a ziggurat
 60779 | Zig:7    | Noticed Cacimot the pandemonium lord
 60942 | Zot:5    | Noticed a dread lich
 60944 | Zot:5    | Killed a dread lich
 61003 | Zot:5    | Got the Orb of Zot
 61243 | D:11     | Noticed Elubb the pandemonium lord
 61308 | D:8      | Noticed Ofeon the pandemonium lord
 61312 | D:8      | Killed Ofeon the pandemonium lord
 61514 | D:$      | Escaped with the Orb!

Illustrated notes

Levels and vault maps discovered:
D:1:      dpeg_chamrin_arrival_tetris, layout_basic
D:2:      layout_loops_corners, chequers_mini_garden
D:3:      layout_basic, gammafunk_temple_overflow_claw, st_stairs_14,
          minmay_crystal_room
D:4:      kennysheep_goblin_castle, layout_layer_cave,
          gammafunk_ghost_stat_death, serial_shops, shop,
          minmay_fire_ice_demons, uniq_crazy_yiuf_cottage
D:5:      layout_layer_cave, uniq_menkaure
D:6:      layout_cave_pools, regret_index_temple_of_mockery,
          minmay_temple_entry_hall, uniq_sigmund, uniq_pikel, uniq_eustachio
D:7:      layout_cave_pools, kennysheep_orc_sif_temple
D:8:      layout_cave_pods, mainiacjoe_overflow_surrounded_room,
          nemelex_diamond_rough_becter, dpeg_lair_monsters
D:9:      layout_small_grid, minmay_orc_entry_temple_small, minivault_27,
          grunt_ministairs_6, minivault_16, disabler_island
D:10:     layout_basic, enter_bailey_6, uniq_nergalle
D:11:     layout_roguey, nicolae_trove_entry_isolated, uniq_snorg, uniq_harold
D:12:     layout_grid_maze
D:13:     layout_roguey, chequers_big_river, uniq_frances, uniq_lodul
D:14:     layout_cave_pools, hangedman_vaults_entry_quadrant_bands,
          nicolae_dithmenos_through_a_glass_darkly
D:15:     gammafunk_depths_entry_grave, layout_irregular_city, serial_glass,
          glass_columns_a, glass_columns_b, nicolae_hepliaklqana_hazy_memory
Temple:   nicolae_temple_bog_church
Lair:1:   layout_regular_city, minmay_holes, pond, grunt_megastairs_2, uniq_urug
Lair:2:   layout_cave_pods, nicolae_shoals_entry_roost, dummy_snake_entry,
          serial_rivers, chequers_serial_rivers_marsh,
          chequers_serial_rivers_large_a, chequers_serial_rivers_micro_a,
          chequers_serial_rivers_small_b, chequers_serial_rivers_large_b,
          nicolae_volcano_entry_lava_flow
Lair:3:   layout_misc_corridors, grunt_megastairs_4, uniq_gastronok
Lair:4:   layout_cave_pods, minmay_slime_entry_jelly_boxes, basic_altar,
          uniq_sonja, uniq_josephine
Lair:5:   guppyfry_lair_end_dragon, layout_regular_city, wormcave, minivault_24,
          infiniplex_staircase_pool_2
Shoals:1: layout_shoals, nicolae_shoals_wave_tunnel, uniq_louise
Shoals:2: layout_shoals
Shoals:3: layout_shoals, serial_shops, nicolae_lakefront_shop,
          nicolae_shoals_kraken_intersection
Shoals:4: shoals_end_grunt_ice, layout_shoals
Snake:1:  layout_onion, serial_shops, shop, basic_altar, serial_bayou_pond_d,
          uniq_aizul
Snake:2:  gammafunk_its_a_trap, layout_honeycomb, nicolae_shop_i_like_big_books
Snake:3:  layout_misc_corridors, grunt_megastairs_1, uniq_saint_roka
Snake:4:  snake_pit, layout_cave_town, portal_ice_cave_entry_pillars_1,
          grunt_megastairs_3
Orc:1:    layout_caves, uniq_fannar
Orc:2:    grunt_orc_tribal_feast, layout_diamond_mine, serial_shops,
          nicolae_shop_back_alley_shop
Elf:1:    elf_arrival_002, layout_loops_ring, minmay_elf_sorcery,
          hangedman_corner_corridor
Elf:2:    nicolae_elf_blades_splatter_lattice [nicolae_blade_bullseye],
          layout_geoelf_diagonals, serial_shops, bzr_entry_dummy
Elf:3:    minmay_elf_hall_circle, layout_geoelf_castle, minmay_shoptagon
Vaults:1: v_alt_pattern_3, ontoclasm_vaults_bender, minmay_orc_keep,
          hangedman_vaults_restitches, v_alt_pattern_6, ontoclasm_vaults_idyll,
          nicolae_vaults_house_3, lightli_church_of_beogh,
          nicolae_vaults_surprise_closet, v_misc_29, hangedman_vaults_impose,
          nicolae_vaults_stairing_the_circle, ontoclasm_vaults_decontamination,
          nicolae_vaults_bisected_slash, layout_vaults_omnibox
Vaults:2: lemuel_angel_altar, minmay_crypt_entry_nasty_monster,
          nicolae_vaults_an_arrangement, nicolae_vaults_octothorpe,
          vaults_dpeg_diagonal, v_misc_14, grunt_vaults_hallway_short,
          nicolae_vaults_diamond_2, nicolae_vaults_little_squares_1, v_misc_19,
          layout_vaults_omnigrid
Vaults:3: nicolae_vaults_offset_grid_hallway_4, hangedman_vaults_nails,
          cheibrodos_frozen_isle, v_misc_16, vaults_dpeg_emergency_exit,
          ontoclasm_vaults_ligature, grunt_vaults_funnel,
          nicolae_vaults_door_testing_chamber, nicolae_vaults_apartment_1,
          nicolae_vaults_diamond_2, ontoclasm_vaults_chip,
          layout_vaults_chaotic_city
Vaults:4: nicolae_vaults_apartment_1, nicolae_vaults_storage_closets_3,
          v_misc_29, nicolae_vaults_storage_closets_2, nicolae_vaults_wrenched,
          v_misc_5, nicolae_vaults_little_squares_5, nicolae_vaults_minivaults,
          v_misc_12, nicolae_vaults_tetromino_L_1, nicolae_vaults_tetromino_L_2,
          nicolae_vaults_variable_pillar_hall, layout_vaults_ring, serial_shops,
          shop_fountains, uniq_xtahua
Vaults:5
Depths:1: layout_cave_pools, enter_ziggurat_a, grunt_pan_entry_in_and_out,
          kennysheep_nub, serial_column_ruins, column_ruins_portal_astroid,
          column_ruins_open_tiny, column_ruins_columns_corner,
          column_ruins_open_small, column_ruins_grid_1, column_ruins_open_tiny,
          column_ruins_columns_corner, hell_entry, xom_teletrap_fun
Depths:2: minmay_skeleton_keep, layout_gridlike, hangedman_geh_valley,
          abyss_entry, pan_entry, gammafunk_ghost_wrathful_warriors,
          firewood_loft
Depths:3: minmay_crescents, layout_basic, serial_shops, nicolae_stop_n_shop_1,
          nicolae_abyss_entry_one_way_or_another,
          nicolae_elyvilon_peaceful_grove, pf_hell_entry_tar_spiral,
          minmay_staircase_bubble, uniq_margery
Depths:4: grunt_crosshair, layout_cave_pools, hell_entry, chequers_jeans,
          serial_rivers, chequers_serial_rivers_micro_b,
          chequers_serial_rivers_micro_e, chequers_serial_rivers_small_3,
          chequers_serial_rivers_micro_c, chequers_serial_rivers_small_b,
          chequers_serial_rivers_micro_c, kennysheep_flooded_box,
          okawaru_trees_1
Zot:1:    layout_misc_corridors, skrybe_zot_glass_2
Zot:2:    layout_cathedral_of_symmetry, st_stairs_9, nicolae_zot_crop_circle
Zot:3:    layout_onion, guppyfry_library_mini
Zot:4:    layout_basic, regret_index_zotdec_decaying_vile
Zot:5:    layout_gridlike

Skill      XL: |  1  2  3  4  5  6  7  8  9 10 11 12 13 14 15 16 17 18 19 20 21 22 23 24 25 26 27 |
---------------+----------------------------------------------------------------------------------+-----
Short Blades   | 2 3 4 5 |  5.0
Spellcasting   | 1 3 5 8 9 10 11 13 14 16 17 18 19 20 22 23 | 23.9
Conjurations   | 1 3 5 8 9 10 11 13 14 17 19 20 23 25 27 | 27.0
Hexes          | 1 3 5 8 9 10 11 13 14 16 17 18 19 20 22 23 | 23.9
Summonings     | 1 3 5 8 9 10 11 13 14 16 17 18 19 20 22 23 | 23.9
Necromancy     | 1 3 5 8 9 10 11 13 14 16 17 18 19 20 22 23 | 23.9
Translocations | 1 3 5 8 9 10 11 13 14 16 17 18 19 20 22 23 | 23.9
Fire Magic     | 1 3 5 8 9 10 11 13 14 16 17 18 19 20 22 23 | 23.9
Ice Magic      | 1 3 5 8 9 10 11 13 14 16 17 18 19 20 22 23 | 23.9
Air Magic      | 1 3 5 8 9 10 11 13 14 16 17 18 19 20 22 23 | 23.9
Earth Magic    | 1 3 5 8 9 10 11 13 14 16 17 18 19 20 22 23 | 23.9
Alchemy        | 1 3 5 8 9 10 11 13 14 16 17 18 19 20 22 23 | 23.9
Maces & Flails | 2 4 |  4.8
Evocations     | 1 3 5 8 15 | 15.3
Dodging        | 5 7 9 12 13 15 16 18 19 | 19.2
Fighting       | 5 7 10 11 13 14 16 18 19 23 | 23.3
Armour         | 1 4 6 11 12 13 18 | 18.5
Shields        | 5 7 8 11 14 20 | 20.3
Staves         | 3 5 9 11 | 11.4
Stealth        | |  4.6

Action                     |  1- 3 |  4- 6 |  7- 9 | 10-12 | 13-15 | 16-18 | 19-21 | 22-24 | 25-27 || total
---------------------------+-------+-------+-------+-------+-------+-------+-------+-------+-------++-------
  Melee: Short sword       |    16 |       |       |       |       |       |       |       |       ||    16
         Dagger            |    42 |   202 |    10 |       |       |       |       |       |       ||   254
         Whip              |       |       |    82 |   172 |   222 |     8 |       |       |       ||   484
         Staff             |       |       |       |       |       |     9 |    19 |    14 |    58 ||   100
  Throw: Dart              |       |       |       |     3 |       |       |       |       |       ||     3
   Cast: Scorch            |       |     2 |    73 |   333 |    29 |       |       |       |       ||   437
         Summon Ice Beast  |       |       |    12 |    68 |    35 |     2 |     3 |       |       ||   120
         Summon Forest     |       |       |       |       |    40 |     9 |     3 |     1 |     1 ||    54
         Plasma Beam       |       |       |       |       |   143 |   570 |   512 |   329 |   526 ||  2080
         Yara's Violent Un |       |       |       |       |       |     2 |       |       |       ||     2
         Orb of Destructio |       |       |       |       |       |       |    50 |     2 |    23 ||    75
         Death Channel     |       |       |       |       |       |       |     1 |       |     1 ||     2
         Fulsome Fusillade |       |       |       |       |       |       |    14 |    23 |    39 ||    76
         Fire Storm        |       |       |       |       |       |       |       |       |    26 ||    26
         Disjunction       |       |       |       |       |       |       |       |       |     4 ||     4
         Chain Lightning   |       |       |       |       |       |       |       |       |   177 ||   177
 Invoke: Curse Item        |       |       |       |     4 |     1 |     1 |     2 |       |     3 ||    11
         Shatter the Chain |       |       |       |       |     1 |       |     2 |       |     3 ||     6
  Evoke: Wand              |     1 |       |     2 |     4 |     3 |       |     3 |     1 |       ||    14
         Sack of spiders   |       |       |       |       |       |       |       |       |     1 ||     1
    Use: Scroll            |     2 |     6 |     3 |     2 |       |     4 |     4 |       |    12 ||    33
         Potion            |       |       |       |     1 |     1 |       |     1 |     1 |     7 ||    11
   Stab: Sleeping          |     7 |    17 |       |     2 |       |       |       |       |       ||    26
         Distracted        |       |       |       |     2 |     6 |     1 |       |       |       ||     9
 Armour: Leather armour    |    24 |    10 |       |       |       |       |       |       |       ||    34
         Ring mail         |       |    38 |       |       |       |       |       |       |       ||    38
         Robe              |       |    41 |    54 |   104 |    77 |    53 |    87 |    34 |   168 ||   618
  Dodge: Dodged            |    18 |    86 |    92 |   314 |   369 |   125 |   212 |    94 |   247 ||  1557
         Repelled          |       |       |       |       |     4 |    30 |     4 |       |       ||    38
  Block: Buckler           |       |       |       |       |       |    44 |    73 |    59 |    58 ||   234
         Tower shield      |       |       |       |       |       |       |       |       |    31 ||    31

Table legend: (Time is in decaauts)
 A = Elapsed time spent in this place.
 B = Non-inter-level travel time spent in this place.
 C = Inter-level travel time spent in this place.
 D = Time resting spent in this place.
 E = Time spent auto-exploring this place.
 F = Levels seen in this place.
 G = Mean time per level.
                   A        B        C        D        E       F      G
               +--------+--------+--------+--------+--------+-----+--------+
         Total |  61520 |  54762 |   6758 |   8935 |  35029 |  61 | 1008.5 |
       Dungeon |  18851 |  16707 |   2144 |   3392 |  10208 |  15 | 1256.7 |
        Temple |     30 |      1 |     29 |      0 |      0 |   1 |   30.0 |
          Lair |   6790 |   5870 |    920 |    756 |   3733 |   5 | 1358.0 |
        Shoals |   4288 |   4070 |    218 |    740 |   2679 |   4 | 1072.0 |
     Snake Pit |   3773 |   3513 |    260 |    539 |   2260 |   4 |  943.2 |
  Orcish Mines |   1953 |   1655 |    298 |    435 |    848 |   2 |  976.5 |
   Elven Halls |   3706 |   3309 |    397 |    390 |   2115 |   3 | 1235.3 |
        Vaults |   9238 |   7847 |   1391 |    455 |   6202 |   5 | 1847.6 |
        Depths |   5158 |   4466 |    692 |    729 |   2898 |   4 | 1289.5 |
           Zot |   5671 |   5265 |    406 |   1068 |   3354 |   5 | 1134.2 |
         Abyss |    162 |    162 |      0 |     64 |      0 |   1 |  162.0 |
      Ziggurat |    227 |    227 |      0 |     10 |    129 |   7 |   32.4 |
        Bazaar |     20 |     20 |      0 |      0 |     13 |   1 |   20.0 |
         Trove |     93 |     93 |      0 |      0 |     74 |   1 |   93.0 |
        Bailey |    624 |    624 |      0 |    154 |    228 |   1 |  624.0 |
      Ice Cave |    522 |    522 |      0 |    137 |    139 |   1 |  522.0 |
       Volcano |    406 |    406 |      0 |     66 |    149 |   1 |  406.0 |
               +--------+--------+--------+--------+--------+-----+--------+

Top non-repeatable levels by time:
     D:9: 2254 daAuts
Vaults:5: 2227 daAuts
Vaults:1: 1991 daAuts
   Zot:5: 1974 daAuts
     D:8: 1858 daAuts
   Elf:3: 1844 daAuts
     D:4: 1813 daAuts
Vaults:3: 1734 daAuts
  Lair:4: 1725 daAuts
Vaults:4: 1693 daAuts
Depths:2: 1600 daAuts
Vaults:2: 1591 daAuts
    D:12: 1533 daAuts
  Lair:2: 1475 daAuts
  Lair:5: 1454 daAuts
